 Dungeon Crawl Stone Soup version 0.21.1-1-g345015fe64 (webtiles) character file.

30 Ivernyr the Charmwright (level 3, 27/27 HPs)
             Began as a Demonspawn Skald on Apr 27, 2018.
             Quit the game on level 2 of the Dungeon.
             The game lasted 00:04:26 (1548 turns).

Ivernyr the Charmwright (Demonspawn Skald)          Turns: 1548, Time: 00:04:27

Health: 27/27      AC:  3    Str: 11    XL:     3   Next: 3%
Magic:  6/6        EV: 12    Int: 14    God:
Gold:   88         SH:  0    Dex: 13    Spells: 1/6 levels left

rFire    . . .     SeeInvis .   a - +0 dagger
rCold    . . .     Gourm    .   (no shield)
rNeg     . . .     Faith    .   b - +0 leather armour
rPois    .         Spirit   .   (no helmet)
rElec    .         Reflect  .   (no cloak)
rCorr    .         Harm     .   (no gloves)
MR       .....                  (no boots)
Stlth    ++........             (no amulet)
HPRegen  0.09/turn              (no ring)
MPRegen  0.10/turn              (no ring)

@: no status effects
A: nightstalker 1, spiny 1
a: no special abilities


You were on level 2 of the Dungeon.
You were not hungry.

You visited 1 branch of the dungeon, and saw 2 of its levels.

You collected 88 gold pieces.

Inventory:

Hand Weapons
 a - a +0 dagger (weapon)
Armour
 b - a +0 leather armour (worn)
Scrolls
 e - a scroll of random uselessness {unknown}
 f - a scroll of amnesia {unknown}
 g - 4 scrolls of identify {unknown}
Books
 c - a book of Battle

   Spells                             Type                      Level
   a - Infusion                       Charms                       1
   b - Shroud of Golubria             Charms/Translocation         2
   c - Song of Slaying                Charms                       2
   d - Spectral Weapon                Hexes/Charms                 3
   e - Regeneration                   Charms/Necromancy            3
Comestibles
 d - 2 rations


   Skills:
 - Level 2.1 Fighting
 + Level 0.4(1.3) Short Blades
   Level 1.9(2.0) Long Blades
 + Level 1.6 Armour
 - Level 1.7 Dodging
 * Level 1.0 Stealth
 - Level 2.0 Spellcasting
 + Level 3.0 Charms


You had one spell level left.
You knew the following spells:

 Your Spells              Type           Power        Failure   Level  Hunger
a - Shroud of Golubria    Chrm/Tloc      #.........   26%         2    ###....
b - Song of Slaying       Chrm           #.......     14%         2    ###....
c - Infusion              Chrm           #...         9%          1    ##.....


Dungeon Overview and Level Annotations

Branches:
Dungeon (2/15)

Altars:


Innate Abilities, Weirdness & Mutations

You are slightly more attuned to the shadows.
You are partially covered in sharp spines.


Message History

You hit the jackal.
The jackal is almost dead.
The jackal bites you but does no damage.
You hit the jackal.
You kill the jackal!
Your Stealth skill increases to level 1!
Your shroud begins to fray at the edges.
You see here a jackal corpse.
You butcher the jackal corpse.
h - 2 chunks of flesh You start resting.
Eating one of 2 chunks of flesh.
You eat one of the 2 chunks of flesh.
This raw flesh tastes terrible.
Your shroud unravels.
You start resting.
Magic restored.
You start resting.
All of the chunks of flesh in your inventory have rotted away.
HP restored.
Sorry, you're not good enough to have a special ability.
Are you sure you want to abandon this character and quit the game? (Confirm with "yes".)

### ).# #.# #.#
##########.#
#...@÷..##.#
.....#####.##.####
#### #(......#
###(###.# #†# #
#(# #.# #.# #####
#.#


There were no monsters in sight!

Vanquished Creatures
  2 leopard geckos (D:1)
  2 bats (D:2)
  4 goblins
  5 hobgoblins
  3 jackals (D:2)
  A ball python (D:1)
  4 frilled lizards (D:1)
  2 kobolds
  2 rats (D:1)
25 creatures vanquished.

Notes
Turn   | Place    | Note
-------+----------+-------------------------------------------
     0 | D:1      | Ivernyr the Demonspawn Skald began the quest for the Orb.
     0 | D:1      | Reached XP level 1. HP: 16/16 MP: 3/3
    48 | D:1      | Reached skill level 1 in Armour
   399 | D:1      | Gained mutation: You are slightly more attuned to the shadows. [demonic ancestry]
   399 | D:1      | Reached XP level 2. HP: 5/22 MP: 5/5
   936 | D:1      | Learned a level 2 spell: Song of Slaying
   939 | D:1      | Learned a level 2 spell: Shroud of Golubria
  1324 | D:2      | Reached skill level 3 in Charms
  1324 | D:2      | Gained mutation: You are partially covered in sharp spines. [demonic ancestry]
  1324 | D:2      | Reached XP level 3. HP: 10/27 MP: 3/6
  1338 | D:2      | Reached skill level 1 in Stealth
  1548 | D:2      | Quit the game

Skill      XL: |  1  2  3 |
---------------+----------+-----
Armour         | 1 |  1.6
Charms         | 3 |  3.0
Stealth        | 1 |  1.0
Fighting       | |  2.1
Short Blades   | |  0.4
Long Blades    | |  1.9
Dodging        | |  1.7
Spellcasting   | |  2.0

Action                   || total
-------------------------++-------
Melee: Falchion          ||    28
       Dagger            ||    91
 Cast: Shroud of Golubri ||     2
 Stab: Sleeping          ||     1
  Eat: Chunk             ||     2
Armor: Leather armour    ||    30
Dodge: Dodged            ||    72
       Rpst.: Falchion   ||     4
